 Dungeon Crawl Stone Soup version bcrawl-1.27.6 (webtiles) character file.

Game seed: 7348556787202004718

223629 DogServant the Destroyer (level 9, -4/76 (77) HPs)
             Began as a Grey Draconian Conjurer on Oct 9, 2020.
             Killed by an exploding fulminant prism (11 damage)
             ... created by the player character
             ... on level 6 of the Dungeon on Oct 11, 2020.
             The game lasted 00:20:14 (8192 turns).

DogServant the Destroyer (Grey Draconian Conjurer)  Turns: 8192, Time: 00:20:14

HP:   -4/76 (77)    AC: 14    Str: 11    XL:     9   Next: 34%
MP:   1/15          EV: 12    Int: 18    God:
Gold: 554           SH:  0    Dex: 12    Spells: 2/17 levels left

rFire    . . .     SeeInvis +   f - +0 dagger
rCold    . . .     Gourm    .   (no shield)
rNeg     . . .     Faith    .   (armour unavailable)
rPois    .         Spirit   .   h - +1 hat
rElec    .         Reflect  .   (no cloak)
rCorr    .         Harm     .   (no gloves)
MR       .....                  n - +0 pair of boots
Stlth    ++........             (no amulet)
HPRegen  0.22/turn              g - ring of see invisible
MPRegen  0.14/turn              (no ring)

@: no status effects
A: walk through water, unfitting armour, unbreathing, cold-blooded, AC +12
a: no special abilities


You were on level 6 of the Dungeon.
You were very hungry.

You visited 1 branch of the dungeon, and saw 7 of its levels.

You collected 554 gold pieces.

Inventory:

Hand Weapons
 f - a +0 dagger (weapon)
 w - a +1 whip of freezing
Armour
 h - a +1 hat (worn)
 n - a +0 pair of boots (worn)
 y - a +0 pair of gloves
Jewellery
 g - a ring of see invisible (left hand)
Wands
 p - a wand of flame (16)
Scrolls
 c - a scroll of enchant armour {unknown}
 d - 5 scrolls of identify
 j - 2 scrolls of remove curse {unknown}
 l - 2 scrolls of immolation {unknown}
 m - 2 scrolls of fog {unknown}
 r - a scroll of noise {unknown}
 t - a scroll of teleportation {unknown}
 u - 3 scrolls of enchant weapon {unknown}
 v - a scroll of blinking {unknown}
Potions
 a - 3 potions of mutation
 b - a potion of magic
 i - 8 potions of curing
 k - 3 potions of brilliance
 o - a potion of cancellation
 q - a potion of agility
 s - 2 potions of heal wounds
 x - a potion of flight
Comestibles
 e - 13 rations {!d}


   Skills:
 + Level 6.3 Fighting
 - Level 2.2 Dodging
 - Level 4.1 Stealth
 - Level 4.6 Spellcasting
 + Level 8.1 Conjurations
 + Level 5.1 Hexes
 - Level 2.0 Transmutations


You had 2 spell levels left.
You knew the following spells:

 Your Spells              Type           Power        Failure   Level  Hunger
a - Magic Dart            Conj           ####         1%          1    None
b - Searing Ray           Conj           ####....     1%          2    None
c - Iskenderun's Mystic   Conj           ####....     1%          3    ###....
d - Fulminant Prism       Conj/Hex       ####......   9%          4    #####..
e - Irradiate             Conj/Tmut      ###.......   43%         5    ######.

Your spell library contained the following spells:

 Spells                   Type           Power        Failure   Level  Hunger


Dungeon Overview and Level Annotations

Branches:
Dungeon (7/12)
 Temple: D:4-7         Lair: D:7-9

Altars:
Ashenzari
Cheibriados
Fedhas
Gozag
Okawaru
Sif Muna
Trog
Xom
Yredelemnul

Shops:
D:4 (


Innate Abilities, Weirdness & Mutations

You can walk through water.
Your dull iron-grey scales are very hard. (AC +12)
You cannot fit into any form of body armour.
You can survive without breathing.
You are cold-blooded and may be slowed by cold attacks.


Message History

The magic dart hits the bullfrog.
The bullfrog is lightly wounded.
The bullfrog hits you but does no damage.
The bullfrog hits you. The bullfrog closely misses you.
Your fulminant prism crackles loudly.
You hit the bullfrog.
You tail-slap the bullfrog, but do no damage.
The bullfrog is lightly wounded.
The bullfrog hits you!
* * * LOW HITPOINT WARNING * * *
The bullfrog hits you!
* * * LOW HITPOINT WARNING * * *
The bullfrog closely misses you.
Your fulminant prism explodes!
The blast of energy engulfs the bullfrog!
The bullfrog is severely wounded.
The blast of energy engulfs the bullfrog!
The bullfrog is heavily wounded.
The blast of energy engulfs you!
You die...

#.# ##.#####...))........###.##.
#.###..# ######.###.##.# #>#..
#.##.#.#######.....##.##.###..##
#.#.#........................##_
#.##...#######.....##.....######
#.###..# ##.#.###.#.....#.#. #.#
#..# #.#.# #.###.###..# #.#
#..########F#.# #.# #.# #### #)#
#..##.....F@#.###.# #.# ##. #.#
#...#.#######..##.# #.# ##.# #.#
#.#.#.# ##.##.###.# #.## #.#
#.#.#.## ##.##p....###.#. #.#
#.#....## #...........##.#
#.###.#[#.#.# #..##..########รท
#....)......# #..##..# #..
##.####..##..#####..##..# ###
#......[....[.......##..# #


You could see 2 bullfrogs.

Vanquished Creatures
  A two-headed ogre (D:6)
  Pikel (D:6)
  A steam dragon (D:6)
  An ice beast (D:6)
  A phantom (D:6)
  A necrophage (D:6)
  2 ogres
  A centaur (D:5)
  A bullfrog (D:3)
  2 big kobolds (D:6)
  An elf skeleton (D:6)
  2 howler monkeys
  3 crimson imps (D:4)
  A centaur zombie (D:6)
  A bullfrog skeleton (D:4)
  An orc priest (D:6)
  A hound (D:4)
  4 orc wizards
  3 worker ants (D:5)
  A killer bee zombie (D:6)
  A worker ant zombie (D:6)
  A howler monkey skeleton (D:4)
  4 gnolls (D:4)
  5 adders
  An ooze (D:2)
  An adder zombie (D:5)
  4 worms
  4 dart slugs
  3 leopard geckos
  13 orcs
  10 bats
  A giant cockroach (D:1)
  10 goblins
  8 hobgoblins
  8 jackals
  20 kobolds
  5 quokkas
  4 ball pythons
  3 frilled lizards
  4 orc skeletons (D:6)
  An orc zombie (D:6)
  10 rats
151 creatures vanquished.

Vanquished Creatures (others)
  A slave (D:6)
  A jackal (D:6)
  A fungus (D:7)
3 creatures vanquished.

Grand Total: 154 creatures vanquished

Notes
Turn   | Place    | Note
-------+----------+-------------------------------------------
     0 | D:1      | DogServant the Draconian Conjurer began the quest for the
                  | Orb.
     0 | D:1      | Reached XP level 1. HP: 14/14 MP: 3/3
   230 | D:1      | Reached XP level 2. HP: 20/20 MP: 0/5
   311 | D:1      | Found a shattered altar of Ashenzari.
   647 | D:1      | Reached XP level 3. HP: 11/26 MP: 0/6
  1451 | D:2      | Learned a level 2 spell: Searing Ray
  1455 | D:2      | Learned a level 3 spell: Iskenderun's Mystic Blast
  1790 | D:2      | Reached XP level 4. HP: 31/33 MP: 3/8
  2092 | D:2      | Noticed an ogre
  2102 | D:2      | Killed an ogre
  2102 | D:2      | Reached skill level 5 in Conjurations
  2102 | D:2      | Reached XP level 5. HP: 38/38 MP: 0/9
  2151 | D:2      | Found a snail-covered altar of Cheibriados.
  2858 | D:3      | Reached XP level 6. HP: 44/45 MP: 7/11
  3865 | D:4      | Found a shimmering blue altar of Sif Muna.
  4046 | D:4      | Reached skill level 6 in Conjurations
  4046 | D:4      | Your scales start taking on a dull iron-grey colour.
  4046 | D:4      | Reached XP level 7. HP: 50/51 MP: 4/13
  4046 | D:4      | Gained mutation: You can survive without breathing. [Grey
                  | Draconian growth]
  4318 | D:4      | Learned a level 4 spell: Fulminant Prism
  4324 | D:4      | Learned a level 5 spell: Irradiate
  4336 | D:4      | Reached skill level 1 in Fighting
  4714 | D:4      | Reached skill level 1 in Transmutations
  4835 | D:4      | Found Yddui's Weapon Shoppe.
  5131 | D:5      | Entered Level 5 of the Dungeon
  5214 | D:5      | Found a shimmering altar of Xom.
  5215 | D:5      | Found a shimmering altar of Xom.
  5215 | D:5      | Found a shimmering altar of Xom.
  5215 | D:5      | Found a shimmering altar of Xom.
  5235 | D:5      | Reached skill level 1 in Hexes
  5236 | D:5      | Found a blossoming altar of Fedhas.
  5256 | D:5      | Found a basalt altar of Yredelemnul.
  5302 | D:5      | Found an iron altar of Okawaru.
  5791 | D:5      | Found an opulent altar of Gozag.
  5888 | D:5      | Found a shimmering altar of Xom.
  6162 | D:5      | Found a shimmering altar of Xom.
  6162 | D:5      | Found a shimmering altar of Xom.
  6162 | D:5      | Found a shimmering altar of Xom.
  6710 | D:6      | Reached XP level 8. HP: 63/63 MP: 6/14
  7173 | D:6      | Noticed Pikel
  7180 | D:6      | Killed Pikel
  7180 | D:6      | Reached skill level 5 in Fighting
  7180 | D:6      | Reached skill level 7 in Conjurations
  7245 | D:6      | Found a bloodstained altar of Trog.
  7508 | D:6      | Noticed a two-headed ogre
  7521 | D:6      | Killed a two-headed ogre
  7521 | D:6      | Reached skill level 8 in Conjurations
  7521 | D:6      | Reached XP level 9. HP: 21/74 MP: 7/15
  7750 | D:6      | Reached skill level 5 in Hexes
  8192 | D:6      | Killed by an exploding fulminant prism

Skill      XL: |  1  2  3  4  5  6  7  8  9 |
---------------+----------------------------+-----
Stealth        | 3 4 |  4.1
Spellcasting   | 3 4 |  4.6
Conjurations   | 5 6 8 |  8.1
Dodging        | 2 |  2.2
Fighting       | 3 6 |  6.3
Transmutations | 2 |  2.0
Hexes          | 2 4 5 |  5.1

Action                   |  1- 3 |  4- 6 |  7- 9 || total
-------------------------+-------+-------+-------++-------
Melee: Unarmed           |    24 |       |       ||    24
       Dagger            |   131 |    35 |   263 ||   429
       Tailslap          |     9 |     5 |    30 ||    44
 Cast: Magic Dart        |    64 |    54 |    39 ||   157
       Searing Ray       |     2 |    12 |    44 ||    58
       Iskenderun's Myst |       |       |     2 ||     2
       Fulminant Prism   |       |       |     1 ||     1
  Use: Scroll            |       |       |     7 ||     7
 Stab: Sleeping          |     3 |       |     4 ||     7
  Eat: Chunk             |     8 |    10 |    11 ||    29
       Ration            |       |       |     3 ||     3
Armor: Skin              |    49 |    17 |   162 ||   228
Dodge: Dodged            |   125 |    46 |   217 ||   388
